 Dungeon Crawl Stone Soup version 0.31.0-11-ge490571c62 (webtiles) character file.

Game seed: 89110083433914348

2812 Curundu the Cleaver (level 9, -7/78 HPs)
             Began as a Minotaur Berserker on Feb 8, 2024.
             Was a Priest of Trog.
             Mangled by a wight
             ... wielding a +0 halberd
              (15 damage)
             ... on level 7 of the Dungeon.
             The game lasted 00:18:58 (6676 turns).

Curundu the Cleaver (Minotaur Berserker)            Turns: 6676, Time: 00:18:59

Health: -7/78      AC:  3    Str: 27    XL:     9   Next: 44%
Magic:  5/8        EV: 12    Int:  4    God:    Trog [***...]
Gold:   0          SH: 14    Dex:  9    Spells: 8/8 levels left

rFire   . . .        a - +0 hand axe
rCold   . . .        E - +0 kite shield
rNeg    . . .        b - +0 animal skin
rPois   +            (helmet restricted)
rElec   .            y - +0 cloak {rCorr}
rCorr   +            (no gloves)
SInv    .            (no boots)
Will    .....        e - amulet of reflection
Stlth   +            i - ring of poison resistance
HPRegen 0.33/turn    (no ring)
MPRegen 0.11/turn

%: reflection
@: on berserk cooldown, slowed, very slow
A: horns 2, retaliatory headbutt
a: Renounce Religion, Berserk, Trog's Hand


You were on level 7 of the Dungeon.
You worshipped Trog.
Trog was most pleased with you.
You visited 1 branch of the dungeon, and saw 7 of its levels.

Inventory:

Hand Weapons
 a - a +0 hand axe (weapon)
Missiles
 d - 9 javelins (quivered)
 B - 2 throwing nets
 J - 3 boomerangs
Armour
 b - a +0 animal skin (worn)
 y - a +0 cloak of preservation (worn)
 E - a +0 kite shield (worn)
Jewellery
 e - an amulet of reflection (around neck)
 f - a ring of resist corrosion
 i - a ring of poison resistance (left hand)
 F - a ring of see invisible
Wands
 q - a wand of acid (11)
 z - a wand of paralysis (14)
 D - a wand of mindburst (14)
Scrolls
 h - 4 scrolls of identify
 j - a scroll of enchant weapon {unknown}
 m - 5 scrolls of teleportation
 o - a scroll of brand weapon {unknown}
 p - a scroll of vulnerability {unknown}
 s - a scroll of revelation {unknown}
 v - a scroll of blinking {unknown}
 w - 2 scrolls of fear {unknown}
 C - a scroll of immolation {unknown}
 G - a scroll of noise {unknown}
 L - a scroll of summoning {unknown}
Potions
 c - a potion of haste {unknown}
 g - 2 potions of resistance {unknown}
 k - a potion of mutation {unknown}
 l - a potion of degeneration {unknown}
 n - 2 potions of curing {unknown}
 r - 2 potions of magic {unknown}
 t - a potion of attraction {unknown}
 A - 3 potions of heal wounds {unknown}
 H - a potion of brilliance {unknown}
 I - a potion of enlightenment {unknown}
 K - a potion of berserk rage {unknown}


   Skills:
 + Level 6.9 Fighting
 + Level 8.4 Axes
 - Level 3.5 Staves
 * Level 5.1 Armour
 + Level 5.8 Dodging
 - Level 1.5 Stealth
 * Level 7.2 Shields
 * Level 3.1 Evocations


You had 8 spell levels left.
You didn't know any spells.
Your spell library was empty.

Dungeon Overview and Level Annotations

Branches:
Dungeon (7/15)             Temple (0/1) D:5

Altars:
Dithmenos
Qazlal
Trog
Xom

Shops:
D:3 :   D:4 (

Annotations:
D:6 2 transporters


Innate Abilities, Weirdness & Mutations

You have a pair of horns on your head.
You reflexively headbutt those who attack you in melee.


Message History

You kill Maurice!
Trog accepts your kill.
Trog appreciates your killing of a magic user.
You closely miss the orc. You hit the orc warrior.
The orc hits you with a +0 dagger.
* * * LOW HITPOINT WARNING * * *
You block the orc warrior's attack.
Your Armour skill increases to level 5!
Your Evocations skill increases to level 3!
You slash the orc warrior!
The orc warrior is severely wounded.
You hit the orc.
You kill the orc!
Trog accepts your kill. You block the orc warrior's attack.
Unknown command.
You barely miss the orc warrior. You headbutt the orc warrior!
You kill the orc warrior!
Trog accepts your kill. You block the shadow's attack.
Items here: " $ ( )) / [.
You slice the shadow!! You headbutt the shadow.
The shadow is severely damaged.
You block the shadow's attack.
You slash the shadow!
You destroy the shadow!
Trog accepts your kill.
Your Shields skill increases to level 7!
You feel a strong urge to attack something.
You are no longer berserk.
You are exhausted.
You feel yourself slow down. The wight attacks as it pursues you!
You block the wight's attack. The wight attacks as it pursues you!
The wight closely misses you. The wight barely misses you.
You block the wight's attack. You block the wight's attack.
There is an escape hatch in the ceiling here.
The wight hits you from afar with a +0 halberd!
You die...

.................#
#####(...##......##
####.##.......####
#....[........####
#########..>.....##.....####
.................####......######
###########.....z# ###.........#
# #......# #.........# #.....@#
#.<.......# ######## ###########


You could see a wight.

Vanquished Creatures
  Maurice (D:7)
  Prince Ribbit (D:5)
  A shadow (D:7)
  Sigmund (D:3)
  A water moccasin (D:6)
  An orc warrior (D:7)
  2 ice beasts
  2 sky beasts
  An ogre (D:5)
  3 phantoms
  A bullfrog (D:6)
  A scorpion (D:4)
  3 wights (D:7)
  A bombardier beetle (D:5)
  Crazy Yiuf (D:3)
  A jelly (D:4)
  An orc priest (D:5)
  4 hounds
  4 iguanas (D:5)
  3 sleepcaps
  Ijyb (D:5)
  4 orc wizards
  11 gnolls
  4 adders
  2 white imps (D:5)
  8 ufetubi (D:6)
  2 dart slugs
  2 ribbon worms (D:4)
  14 orcs
  6 ball pythons
  8 bats
  8 endoplasms
  5 giant cockroaches
  6 goblins
  7 hobgoblins
  4 jackals (D:3)
  8 quokkas
  5 frilled lizards
  6 kobolds
  7 rats
152 creatures vanquished.

Notes
Turn   | Place    | Note
-------+----------+-------------------------------------------
     0 | D:1      | Curundu the Minotaur Berserker began the quest for the Orb.
     0 | D:1      | Reached XP level 1. HP: 19/19 MP: 0/0
   170 | D:1      | Reached XP level 2. HP: 27/27 MP: 1/1
   411 | D:1      | Reached skill level 4 in Axes
   840 | D:2      | Reached XP level 3. HP: 26/34 MP: 2/2
  1145 | D:2      | Reached ** piety under Trog
  1501 | D:3      | Found a shadowy altar of Dithmenos.
  1510 | D:3      | Reached XP level 4. HP: 38/41 MP: 3/3
  1533 | D:3      | Noticed Sigmund
  1547 | D:3      | Killed Sigmund
  1548 | D:3      | Reached skill level 5 in Fighting
  1548 | D:3      | Reached skill level 6 in Axes
  1548 | D:3      | Reached XP level 5. HP: 25/48 MP: 4/4
  1903 | D:3      | Found a shimmering altar of Xom.
  2119 | D:3      | Reached XP level 6. HP: 33/56 MP: 5/5
  2329 | D:3      | Reached skill level 1 in Shields
  2335 | D:3      | Found Yhuole's Book Emporium.
  2430 | D:3      | Found a runed translucent door.
  2431 | D:3      | Noticed Crazy Yiuf
  2442 | D:3      | Killed Crazy Yiuf
  2856 | D:3      | Identified the +1 helmet "Uwogatt" {Harm rElec Will+
                  | Stlth-}
  3008 | D:4      | Reached skill level 1 in Stealth
  3048 | D:4      | Reached skill level 1 in Staves
  3331 | D:4      | Found Ymianuw's Weapon Emporium.
  3586 | D:4      | Reached XP level 7. HP: 60/61 MP: 6/6
  3766 | D:4      | Found a bloodstained altar of Trog.
  3766 | D:4      | Found a stormy altar of Qazlal.
  3790 | D:5      | Entered Level 5 of the Dungeon
  3790 | D:5      | Noticed Ijyb
  3797 | D:5      | Killed Ijyb
  3804 | D:5      | Noticed Prince Ribbit
  3819 | D:5      | Killed Prince Ribbit
  3820 | D:5      | Reached skill level 7 in Axes
  4820 | D:5      | Reached *** piety under Trog
  4821 | D:5      | Reached skill level 1 in Evocations
  4821 | D:5      | Reached XP level 8. HP: 65/70 MP: 7/7
  5163 | D:5      | Reached skill level 5 in Dodging
  5205 | D:5      | Found a staircase to the Ecumenical Temple.
  5776 | D:6      | Reached skill level 8 in Axes
  5776 | D:6      | Reached skill level 5 in Shields
  6040 | D:6      | Found a transporter.
  6260 | D:6      | Found a transporter.
  6368 | D:7      | Noticed Maurice
  6386 | D:7      | Maurice stole 4 boomerangs
  6388 | D:7      | Maurice stole 299 gold
  6390 | D:7      | Maurice stole an amulet of guardian spirit
  6394 | D:7      | Reached XP level 9. HP: 78/78 MP: 3/8
  6651 | D:7      | Maurice stole a +4 quarterstaff of chaos
  6654 | D:7      | HP: 4/117 [constriction (6)]
  6656 | D:7      | Killed Maurice
  6656 | D:7      | HP: 1/117 [orc/+0 dagger (3)]
  6657 | D:7      | Reached skill level 5 in Armour
  6676 | D:7      | Mangled by a wight

Illustrated notes

Levels and vault maps discovered:
D:1:      dreamdust_arrival_sigmund_warning, layout_basic
D:2:      layout_basic
D:3:      minmay_chambers_of_twos, layout_loops_ring,
          nicolae_dithmenos_the_darkroom, nicolae_overflow_crystal_walls,
          serial_shops, shop, minmay_misc_feat_cross, uniq_crazy_yiuf_cottage,
          uniq_sigmund
D:4:      minmay_general_purpose_star, layout_basic,
          gammafunk_temple_overflow_wave, serial_shops,
          nicolae_shop_gibbet_a_chance
D:5:      layout_cave_pods, temple_doors_ab, uniq_ijyb, uniq_prince_ribbit1
D:6:      layout_basic, gammafunk_ghost_gnarly_gnolls
D:7:      layout_rooms, gammafunk_temple_overflow_arena, uniq_menkaure,
          uniq_maurice

Skill      XL: |  1  2  3  4  5  6  7  8  9 |
---------------+----------------------------+-----
Axes           | 4 6 7 8 |  8.4
Fighting       | 4 5 6 |  6.9
Dodging        | 3 4 5 |  5.8
Shields        | 1 2 5 7 |  7.2
Stealth        | 1 |  1.5
Staves         | 1 3 |  3.5
Armour         | 3 4 5 |  5.1
Evocations     | 1 2 3 |  3.1

Action                     |  1- 3 |  4- 6 |  7- 9 || total
---------------------------+-------+-------+-------++-------
  Melee: Hand axe          |    72 |    59 |   210 ||   341
         Headbutt          |     9 |    12 |    44 ||    65
         Quarterstaff      |       |    49 |    24 ||    73
         Punch             |       |     1 |       ||     1
 Invoke: Trog's Hand       |       |     2 |     5 ||     7
         Berserk           |       |     2 |     3 ||     5
    Use: Scroll            |       |       |     2 ||     2
 Armour: Animal skin       |    47 |    62 |   137 ||   246
  Dodge: Dodged            |    50 |    66 |    87 ||   203
  Block: Other             |     9 |    20 |     3 ||    32
         Reflection        |       |     3 |     2 ||     5
         Kite shield       |       |       |   193 ||   193
